 Dungeon Crawl Stone Soup version 0.28-a0-128-gcbb86046cc (webtiles) character file.

Game seed: 1446293405570758646

3037 jisko22 the Magician (level 9, -1/71 HPs)
             Began as a Gnoll Warper on Aug 15, 2021.
             Was a Priest of Kikubaaqudgha.
             Slain by a yak (13 damage)
             ... on level 8 of the Dungeon.
             The game lasted 00:21:48 (10951 turns).

jisko22 the Magician (Gnoll Warper)                Turns: 10951, Time: 00:21:49

Health: -1/71      AC: 13    Str: 10    XL:     9   Next: 86%
Magic:  18/19      EV: 13    Int: 13    God:    Kikubaaqudgha [***...]
Gold:   401        SH:  0    Dex: 15    Spells: 8/21 levels left

rFire   + . .      SeeInvis .   v - +7 hand axe of the Smoking Shark {flame, Contam Drain rPois Stlth+}
rCold   . . .      Faith    .   (no shield)
rNeg    . . .      Spirit   .   f - +4 ring mail {rPois}
rPois   +          Reflect  .   (no helmet)
rElec   .          Harm     .   D - +2 cloak
rCorr   +          Rampage  .   (no gloves)
Will    .....                   (no boots)
Stlth   +++.......              (no amulet)
HPRegen 0.21/turn               t - ring of protection from fire
MPRegen 0.16/turn               u - ring of resist corrosion

@: no status effects
A: fangs 1, strong nose, distributed training
a: Renounce Religion, Receive Corpses


You were on level 8 of the Dungeon.
You worshipped Kikubaaqudgha.
Kikubaaqudgha was most pleased with you.
You visited 1 branch of the dungeon, and saw 8 of its levels.

You collected 401 gold pieces.

Inventory:

Hand Weapons
 a - a +0 spear
 v - the +7 hand axe of the Smoking Shark (weapon) {flame, Contam Drain rPois Stlth+}
   (You found it on level 4 of the Dungeon)

   It burns those it strikes, dealing additional fire damage.
   Big, fiery blades are also staple armaments of hydra-hunters.
   rPois:     It protects you from poison.
   Contam:    It causes magical contamination when unequipped.
   Drain:     It drains your maximum health when unequipped.
   Stlth:     It makes you more stealthy.
Missiles
 d - a boomerang of dispersal
 g - 57 sling bullets
 k - 2 throwing nets
 l - 2 boomerangs
 o - 142 stones
 H - 11 poisoned darts (quivered)
Armour
 b - a +0 leather armour
 f - a +4 ring mail of poison resistance (worn)
 n - a scarf of harm
 C - a +0 kite shield
 D - a +2 cloak (worn)
Jewellery
 t - a ring of protection from fire (left hand)
 u - a ring of resist corrosion (right hand)
 I - a ring of ice
Wands
 A - a wand of mindburst (14)
 F - a wand of polymorph (9)
Scrolls
 c - a scroll of blinking
 e - a scroll of holy word {unknown}
 i - 2 scrolls of enchant armour {unknown}
 j - a scroll of noise {unknown}
 m - a scroll of fear {unknown}
 r - 10 scrolls of identify {unknown}
 s - 5 scrolls of teleportation {unknown}
 y - a scroll of amnesia {unknown}
 z - a scroll of vulnerability {unknown}
 E - a scroll of immolation {unknown}
 G - a scroll of enchant weapon {unknown}
Potions
 h - a potion of flight
 p - 2 potions of lignification
 q - a potion of attraction {unknown}
 w - a potion of cancellation {unknown}
 x - a potion of curing
 B - 4 potions of haste
 J - a potion of brilliance {unknown}


   Skills:
 + Level 6.6 Fighting
 + Level 4.6 Short Blades
 + Level 4.6 Long Blades
 + Level 4.6 Axes
 + Level 4.6 Maces & Flails
 + Level 6.6 Polearms
 + Level 4.6 Staves
 + Level 4.6 Slings
 + Level 4.6 Bows
 + Level 4.6 Crossbows
 + Level 5.4 Throwing
 + Level 5.4 Armour
 + Level 6.6 Dodging
 + Level 4.6 Stealth
 + Level 4.6 Shields
 + Level 4.6 Unarmed Combat
 + Level 6.9 Spellcasting
 + Level 3.8 Conjurations
 + Level 3.8 Hexes
 + Level 3.8 Summonings
 + Level 3.8 Necromancy
 + Level 6.7 Translocations
 + Level 3.8 Transmutations
 + Level 3.8 Fire Magic
 + Level 3.8 Ice Magic
 + Level 3.8 Air Magic
 + Level 3.8 Earth Magic
 + Level 3.8 Poison Magic
 + Level 5.1 Invocations
 + Level 4.6 Evocations


You had 8 spell levels left.
You knew the following spells:

 Your Spells              Type           Power      Damage    Failure   Level
a - Pain                  Necr           56%        1d6       8%          1
b - Blink                 Tloc           N/A        N/A       3%          2
c - Lesser Beckoning      Tloc           11%        N/A       7%          3
d - Teleport Other        Tloc           22%        N/A       7%          3
e - Animate Skeleton      Necr           28%        N/A       8%          1
f - Vampiric Draining     Necr           7%         2d7       22%         3

Your spell library contained the following spells:

 Spells                   Type           Power      Damage    Failure   Level
 Gell's Gravitas          Tloc           11%        N/A       7%          3
 Corona                   Hex            15%        N/A       8%          1
 Foxfire                  Conj/Fire      56%        2x1d6     8%          1
 Ensorcelled Hibernation  Hex/Ice        28%        N/A       11%         2
 Static Discharge         Conj/Air       14%        N/A       11%         2
 Sublimation of Blood     Necr           7%         N/A       11%         2
 Conjure Flame            Conj/Fire      14%        6-21      22%         3
 Inner Flame              Hex/Fire       14%        N/A       22%         3
 Spider Form              Tmut/Pois      7%         N/A       22%         3
 Tukima's Dance           Hex            14%        N/A       22%         3
 Manifold Assault         Tloc           22%        N/A       52%         5
 Dispel Undead            Necr           14%        3d10      58%         4
 Olgreb's Toxic Radiance  Pois           14%        N/A       58%         4
 Sticky Flame             Conj/Fire      14%        2d4       58%         4
 Agony                    Necr           14%        N/A       90%         5
 Excruciating Wounds      Necr           7%         N/A       90%         5
 Iskenderun's Battlesphe  Conj           14%        2d7       90%         5
 Dispersal                Tloc           11%        N/A       98%         6
 Death Channel            Necr           7%         N/A       100%        6
 Iron Shot                Conj/Erth      7%         9d2       100%        6
 Shadow Creatures         Summ           N/A        N/A       100%        6
 Simulacrum               Ice/Necr       7%         N/A       100%        6
 Ozocubu's Refrigeration  Ice            7%         4d6       100%        7
 Spellforged Servitor     Conj/Summ      7%         N/A       100%        7
 Ignition                 Fire           7%         3d4       100%        8


Dungeon Overview and Level Annotations

Branches:
Dungeon (8/15)             Temple (0/1) D:4
   Lair: D:8-11

Altars:
Elyvilon
Kikubaaqudgha
Makhleb
Nemelex Xobeh

Annotations:
D:3 Sigmund
D:5 2 transporters, deadmanwalking's ghost, novice MiHu


Innate Abilities, Weirdness & Mutations

You have very sharp teeth.
Your uncanny sense of smell can sniff out nearby items.
Your experience applies equally to all skills.


Message History

Casting: Animate Skeleton (safe; 8% risk of failure)
Confirm with . or Enter, or press ? or * to list all spells.
You attempt to give life to the dead...
Before your eyes, flesh is ripped from the corpse!
The dead are walking!
Your orc priest skeleton hits the yak with a +0 war axe!
The yak gores you.
You slash the yak! You burn the yak.
The yak is heavily wounded.
Your orc wizard skeleton hits the yak with a +0 dagger.
The yak closely misses your orc wizard skeleton.
The yak gores you!
Your orc priest skeleton barely misses the yak.
You slash the yak! You burn the yak.
You kill the yak!
Kikubaaqudgha accepts your kill. The yak gores your orc wizard skeleton!
Your orc wizard skeleton is destroyed!
You hit the yak. You burn the yak. You bite the yak, but do no damage.
The yak is lightly wounded.
Your orc priest skeleton hits the yak with a +0 war axe.
The yak gores you.
Your orc wizard skeleton completely misses the yak.
You hit the yak. You burn the yak.
The yak is moderately wounded.
You hit the yak. You burn the yak. The yak gores you!
The yak gores you but does no damage.
Your orc priest skeleton barely misses the yak.
Your orc wizard skeleton hits the yak with a +0 dagger.
You hit the yak. You burn the yak.
The yak is moderately wounded.
You barely miss the yak. The yak gores you. The yak gores you!
* * * LOW HITPOINT WARNING * * *
Your orc priest skeleton hits the yak with a +0 war axe!
Your orc wizard skeleton barely misses the yak.
You hit the yak but do no damage. You punch the yak, but do no damage.
The yak is moderately wounded.
You barely miss the yak. The yak barely misses you. The yak gores you!
You die...
Kikubaaqudgha rasps: "You have failed me!
Welcome... death!"

.......#.####
....#..... .# #
.........##.# .#
Y...........###.#
.......$#.......#
....>...........###
.......#.ZZ........
.........Y.........
.........Y@.....>..
..!$...............
####.##............
#............#..
#.#.#..........# #
#...........##
#.$...........#
..............(.
..............#.


You could see 2 yaks, a friendly orc priest skeleton and a friendly orc wizard
skeleton.

Vanquished Creatures
  A yak (D:8)
  A steam dragon (D:7)
  2 sky beasts
  Duvessa (D:7)
  An ice beast (D:5)
  2 black bears
  An orc warrior (D:7)
  2 necrophages
  An ogre (D:5)
  3 centaurs
  2 gnoll sergeants
  A kobold brigand (D:4)
  2 scorpions
  A bullfrog (D:7)
  Dowan (D:7)
  2 water moccasin zombies
  A water moccasin skeleton (D:6)
  2 bullfrog skeletons (D:5)
  A gnoll shaman (D:7)
  2 hounds (D:7)
  4 orc priests
  Crazy Yiuf (D:5)
  3 iguanas
  A jelly (D:7)
  2 centaur skeletons
  8 orc wizards
  A hound skeleton (D:4)
  A howler monkey zombie (D:7)
  19 gnolls
  10 adders
  2 ufetubi (D:7)
  An adder skeleton (D:2)
  2 dart slugs (D:4)
  10 orcs
  4 endoplasms
  6 giant cockroaches
  6 goblins
  6 hobgoblins
  4 jackals
  26 kobolds
  3 quokkas
  8 ball pythons
  8 bats
  4 frilled lizards
  4 rats
174 creatures vanquished.

Vanquished Creatures (others)
  10 plants (D:4)
10 creatures vanquished.

Grand Total: 184 creatures vanquished

Notes
Turn   | Place    | Note
-------+----------+-------------------------------------------
     0 | D:1      | jisko22 the Gnoll Warper began the quest for the Orb.
     0 | D:1      | Reached XP level 1. HP: 20/20 MP: 6/6
    95 | D:1      | Reached XP level 2. HP: 22/26 MP: 7/7
   344 | D:1      | Learned a level 2 spell: Blink
   447 | D:1      | Reached XP level 3. HP: 31/31 MP: 9/9
   504 | D:1      | Reached skill level 5 in Spellcasting
   798 | D:1      | Reached skill level 1 in Invocations
  1109 | D:2      | Reached skill level 1 in Short Blades
  1109 | D:2      | Reached skill level 1 in Long Blades
  1109 | D:2      | Reached skill level 1 in Axes
  1109 | D:2      | Reached skill level 1 in Maces & Flails
  1109 | D:2      | Reached skill level 1 in Staves
  1109 | D:2      | Reached skill level 1 in Slings
  1109 | D:2      | Reached skill level 1 in Bows
  1109 | D:2      | Reached skill level 1 in Crossbows
  1109 | D:2      | Reached skill level 1 in Stealth
  1109 | D:2      | Reached skill level 1 in Shields
  1109 | D:2      | Reached skill level 1 in Unarmed Combat
  1109 | D:2      | Reached skill level 1 in Evocations
  1124 | D:2      | Learned a level 3 spell: Teleport Other
  1128 | D:2      | Learned a level 3 spell: Lesser Beckoning
  1156 | D:2      | Reached XP level 4. HP: 38/38 MP: 11/11
  1630 | D:2      | Found a faded altar of an unknown god.
  2183 | D:2      | Reached skill level 1 in Conjurations
  2183 | D:2      | Reached skill level 1 in Hexes
  2183 | D:2      | Reached skill level 1 in Summonings
  2183 | D:2      | Reached skill level 1 in Necromancy
  2183 | D:2      | Reached skill level 1 in Transmutations
  2183 | D:2      | Reached skill level 1 in Fire Magic
  2183 | D:2      | Reached skill level 1 in Ice Magic
  2183 | D:2      | Reached skill level 1 in Air Magic
  2183 | D:2      | Reached skill level 1 in Earth Magic
  2183 | D:2      | Reached skill level 1 in Poison Magic
  2342 | D:2      | Became a worshipper of Kikubaaqudgha
  2342 | D:2      | Reached * piety under Kikubaaqudgha
  2342 | D:2      | Received a gift from Kikubaaqudgha
  2359 | D:2      | Reached XP level 5. HP: 34/43 MP: 8/12
  2790 | D:2      | Learned a level 1 spell: Pain
  2792 | D:2      | Learned a level 1 spell: Animate Skeleton
  2796 | D:2      | Learned a level 3 spell: Vampiric Draining
  3507 | D:3      | Noticed Sigmund
  4269 | D:4      | Reached XP level 6. HP: 37/50 MP: 11/13
  4729 | D:4      | Noticed a black bear
  4939 | D:4      | Killed a black bear
  4940 | D:4      | Reached skill level 5 in Fighting
  4940 | D:4      | Reached skill level 5 in Polearms
  4940 | D:4      | Reached skill level 5 in Dodging
  5325 | D:4      | Identified the +7 hand axe of the Smoking Shark {flame,
                  | Contam Drain rPois Stlth+}
  5390 | D:4      | Reached XP level 7. HP: 29/56 MP: 15/15
  5937 | D:4      | Reached ** piety under Kikubaaqudgha
  5967 | D:4      | Found a staircase to the Ecumenical Temple.
  6701 | D:5      | Entered Level 5 of the Dungeon
  6701 | D:5      | Found a transporter.
  6701 | D:5      | Noticed deadmanwalking's ghost (novice MiHu)
  6766 | D:5      | Found a transporter.
  6912 | D:5      | Reached XP level 8. HP: 63/63 MP: 16/16
  7086 | D:5      | Found a white marble altar of Elyvilon.
  7086 | D:5      | Found a burning altar of Makhleb.
  7086 | D:5      | Found a sparkling altar of Nemelex Xobeh.
  7225 | D:5      | Found a runed translucent door.
  7226 | D:5      | Noticed Crazy Yiuf
  8342 | D:5      | Killed Crazy Yiuf
  8930 | D:6      | Found an ancient bone altar of Kikubaaqudgha.
  9020 | D:6      | Reached XP level 9. HP: 66/69 MP: 18/18
  9292 | D:7      | Reached *** piety under Kikubaaqudgha
  9292 | D:7      | Received a gift from Kikubaaqudgha
  9732 | D:7      | Noticed Dowan
  9732 | D:7      | Noticed Duvessa
  9746 | D:7      | Killed Duvessa
  9747 | D:7      | Reached skill level 5 in Throwing
  9747 | D:7      | Reached skill level 5 in Armour
  9753 | D:7      | Killed Dowan
 10915 | D:8      | Reached skill level 5 in Invocations
 10951 | D:8      | Slain by a yak

Illustrated notes

Levels and vault maps discovered:
D:1:      minmay_arrival_checkered_box, layout_loops_ring
D:2:      layout_rooms, hellmonk_ecumenical_altar_arch_garden
D:3:      layout_basic, kennysheep_flooded_box, minmay_misc_feat_tiny,
          minmay_close_crescents, uniq_sigmund
D:4:      kennysheep_kobold_camp, layout_basic, temple_doors_ab
D:5:      layout_loops_ring, gammafunk_temple_overflow_forgotten,
          gammafunk_ghost_mausoleum, uniq_crazy_yiuf_cottage
D:6:      layout_basic, nicolae_kikubaaqudgha_miasma_corner
D:7:      layout_loops_cross, minivault_25, hangedman_abyss_or_decor_stabs,
          minmay_crossroads, uniq_duvessa
D:8:      layout_rooms, nicolae_hepliaklqana_hippocampus,
          evilmike_ruin_ashenzari, enter_bailey_4, uniq_maggie, uniq_harold

Skill      XL: |  1  2  3  4  5  6  7  8  9 |
---------------+----------------------------+-----
Spellcasting   | 5 6 |  6.9
Invocations    | 1 2 3 4 5 |  5.1
Short Blades   | 1 2 3 4 |  4.6
Long Blades    | 1 2 3 4 |  4.6
Axes           | 1 2 3 4 |  4.6
Maces & Flails | 1 2 3 4 |  4.6
Staves         | 1 2 3 4 |  4.6
Slings         | 1 2 3 4 |  4.6
Bows           | 1 2 3 4 |  4.6
Crossbows      | 1 2 3 4 |  4.6
Stealth        | 1 2 3 4 |  4.6
Shields        | 1 2 3 4 |  4.6
Unarmed Combat | 1 2 3 4 |  4.6
Evocations     | 1 2 3 4 |  4.6
Conjurations   | 1 2 3 |  3.8
Hexes          | 1 2 3 |  3.8
Summonings     | 1 2 3 |  3.8
Necromancy     | 1 2 3 |  3.8
Transmutations | 1 2 3 |  3.8
Fire Magic     | 1 2 3 |  3.8
Ice Magic      | 1 2 3 |  3.8
Air Magic      | 1 2 3 |  3.8
Earth Magic    | 1 2 3 |  3.8
Poison Magic   | 1 2 3 |  3.8
Throwing       | 3 4 5 |  5.4
Armour         | 3 4 5 |  5.4
Fighting       | 5 6 |  6.6
Polearms       | 5 6 |  6.6
Dodging        | 5 6 |  6.6
Translocations | 6 |  6.7

Action                   |  1- 3 |  4- 6 |  7- 9 || total
-------------------------+-------+-------+-------++-------
Melee: Spear             |   133 |   233 |       ||   366
       Bite              |     4 |    14 |    39 ||    57
       Punch             |       |     1 |     2 ||     3
       Hand axe          |       |    17 |   308 ||   325
Throw: Boomerang         |     4 |    17 |    11 ||    32
       Stone             |       |     3 |       ||     3
       Dart              |       |       |     6 ||     6
 Cast: Blink             |     1 |     5 |       ||     6
       Pain              |       |    17 |     3 ||    20
       Animate Skeleton  |       |     1 |    14 ||    15
Invok: Receive Corpses   |       |     1 |       ||     1
  Use: Potion            |       |     3 |       ||     3
 Stab: Sleeping          |     1 |     2 |    10 ||    13
Armor: Leather armour    |    12 |       |       ||    12
       Ring mail         |    18 |   106 |   155 ||   279
       Skin              |       |    22 |       ||    22
Dodge: Dodged            |    77 |   172 |   209 ||   458

Table legend: (Time is in decaauts)
 A = Elapsed time spent in this place.
 B = Non-inter-level travel time spent in this place.
 C = Inter-level travel time spent in this place.
 D = Time resting spent in this place.
 E = Time spent auto-exploring this place.
 F = Levels seen in this place.
 G = Mean time per level.
                   A        B        C        D        E       F      G
               +--------+--------+--------+--------+--------+-----+--------+
         Total |  10950 |  10758 |    192 |   4191 |   4949 |   8 | 1368.8 |
       Dungeon |  10950 |  10758 |    192 |   4191 |   4949 |   8 | 1368.8 |
               +--------+--------+--------+--------+--------+-----+--------+

Top non-repeatable levels by time:
     D:4: 2332 daAuts
     D:5: 1923 daAuts
     D:1: 1896 daAuts
     D:7: 1750 daAuts
     D:2: 1392 daAuts
     D:3: 1052 daAuts
     D:6: 558 daAuts
     D:8: 43 daAuts
